 Dungeon Sprint DCSS version 0.31-a0-667-g39726597b9 (webtiles) character file.

Game seed: 11090118594423492451

9 sircluck the Sneak (level 2, -8/16 HPs)
             Began as a Vine Stalker Brigand on Sept 3, 2023.
             Killed from afar by an oklob sapling (24 damage)
             ... with a splash of acid
             ... in the Dungeon (Sprint IV: "Fedhas' Mad Dash").
             The game lasted 00:00:12 (30 turns).

sircluck the Sneak (Vine Stalker Brigand)             Turns: 30, Time: 00:00:13

Health: -8/16      AC:  3    Str: 13    XL:     2   Next: 16%
Magic:  0/3        EV: 12    Int: 11    God:
Gold:   0          SH:  0    Dex: 15    Spells: 1/1 levels left

rFire   . . .        a - +2 dagger
rCold   . . .        (no shield)
rNeg    . . .        b - +0 robe
rPois   .            (no helmet)
rElec   .            c - +0 cloak
rCorr   .            (no gloves)
SInv    .            (no boots)
Will    .....        (no amulet)
Stlth   +++          (no ring)
HPRegen 1.02/turn    (no ring)
MPRegen 0.08/turn

%: no teleportation, guardian spirit
@: no status effects
A: fangs 2, regeneration 1, magic shield, antimagic bite, no potion heal 2
a: no special abilities


You were in the Dungeon.
You visited 1 branch

Inventory:

Hand Weapons
 a - a +2 dagger (weapon)
Missiles
 d - 9 poisoned darts (quivered)
 e - 3 curare-tipped darts
Armour
 b - a +0 robe (worn)
 c - a +0 cloak (worn)
Scrolls
 j - a scroll of blinking
Potions
 f - a potion of curing
 g - a potion of haste
 h - 2 potions of magic
 i - a potion of berserk rage


   Skills:
 + Level 2.4 Fighting
 + Level 2.4 Short Blades
 + Level 2.4 Throwing
 + Level 1.5 Dodging
 + Level 5.4 Stealth


You had one spell level left.
You didn't know any spells.
Your spell library was empty.

Dungeon Overview and Level Annotations

Branches:
Dungeon (1/1)

Altars:

Annotations:
D exclusion: oklob sapling


Innate Abilities, Weirdness & Mutations

You have extremely sharp teeth.
Your natural rate of healing is unusually fast.
When hurt, damage is shared between your health and your magic reserves.
Your bite disrupts and absorbs the magic of your enemies.
Potions cannot restore your health.


Message History

You see here a +0 long sword.
There is an open door here.
The rat twitches its whiskers.
You closely miss the rat. Your bite misses the rat.
The rat bites you but does no damage.
You hit the rat. You bite the rat.
You kill the rat!
Unknown command.
Unknown command.
There is an open door here.
You see here a rat corpse.
You see here a +0 long sword.
The helpless river rat fails to defend itself.
You impale the river rat!!
You kill the river rat!
Your Fighting skill increases to level 2!
Your Short Blades skill increases to level 2!
Your Throwing skill increases to level 2!
Your Dodging skill increases to level 1!
Your Stealth skill increases to level 5!
You have reached level 2!
Unknown command.
You see here a +0 long sword.
You open the door.
An oklob sapling comes into view.
Marking area around an oklob sapling as unsafe for travelling.
Found 48 gold pieces.
No reachable target in view!
There is an open door here.
You hit the oklob sapling.
The oklob sapling is lightly damaged.
You hit the oklob sapling but do no damage.
You bite the oklob sapling, but do no damage.
The oklob sapling is lightly damaged.
You hit the oklob sapling but do no damage.
The oklob sapling is lightly damaged.
The oklob sapling spits acid at you. The splash of acid hits you!!
Ouch! That really hurt!
You die...

##################
#<..P#.....#.$$$$#
#PP..†.)...@.#
#PPPP#...†.#P#
##############


You could see an oklob sapling.

Vanquished Creatures
  A river rat (D)
  A rat (D)
2 creatures vanquished.

Notes
Turn   | Place    | Note
-------+----------+-------------------------------------------
     0 | D        | sircluck the Vine Stalker Brigand began the quest for the
                  | Orb.
     0 | D        | Reached XP level 1. HP: 11/11 MP: 2/2
    20 | D        | Reached skill level 1 in Dodging
    20 | D        | Reached skill level 5 in Stealth
    20 | D        | Reached XP level 2. HP: 16/16 MP: 3/3
    26 | D        | Noticed an oklob sapling
    30 | D        | Killed from afar by an oklob sapling

Illustrated notes

Levels and vault maps discovered:
D:        dungeon_sprint_fedhas [sprint_temple]

Skill      XL: |  1 |
---------------+----+-----
Fighting       | 2 |  2.4
Short Blades   | 2 |  2.4
Throwing       | 2 |  2.4
Dodging        | 1 |  1.5
Stealth        | 5 |  5.4

Action                     || total
---------------------------++-------
  Melee: Dagger            ||     6
         Bite              ||     2
   Stab: Sleeping          ||     1
 Armour: Robe              ||     2

Table legend: (Time is in decaauts)
 A = Elapsed time spent in this place.
 B = Non-inter-level travel time spent in this place.
 C = Inter-level travel time spent in this place.
 D = Time resting spent in this place.
 E = Time spent auto-exploring this place.
 F = Levels seen in this place.
 G = Mean time per level.
                   A        B        C        D        E       F      G
               +--------+--------+--------+--------+--------+-----+--------+
         Total |     29 |     29 |      0 |      0 |      0 |   1 |   29.0 |
       Dungeon |     29 |     29 |      0 |      0 |      0 |   1 |   29.0 |
               +--------+--------+--------+--------+--------+-----+--------+

Top non-repeatable levels by time:
       D: 29 daAuts
